 Dungeon Crawl Stone Soup version 0.26-a0-43-g20b394c (webtiles) character file.

Game seed: 15552276167852803898

1298 Faca the Slinger (level 8, -1/57 HPs)
             Began as a Halfling Hunter on June 2, 2020.
             Splashed by a jelly's acid (11 damage)
             ... on level 6 of the Dungeon.
             The game lasted 00:15:15 (7714 turns).

Faca the Slinger (Halfling Hunter)                  Turns: 7714, Time: 00:15:16

Health: -1/57      AC:  0    Str: 15    XL:     8   Next: 87%
Magic:  8/8        EV:  9    Int:  9    God:
Gold:   382        SH:  0    Dex: 15    Spells: 7/7 levels left

rFire    + . .     SeeInvis .   a - +2 hunting sling
rCold    . . .     Gourm    .   (shield restricted)
rNeg     + . .     Faith    .   r - +0 chain mail
rPois    .         Spirit   .   (no helmet)
rElec    .         Reflect  .   x - +2 cloak
rCorr    .         Harm     .   (no gloves)
MR       .....                  o - +0 pair of boots
Stlth    ..........             (no amulet)
HPRegen  0.19/turn              m - ring of protection from fire
MPRegen  0.11/turn              y - ring of positive energy

@: corroded
A: small, mutation resistance 1
a: no special abilities


You were on level 6 of the Dungeon.
You were not hungry.

You visited 1 branch of the dungeon, and saw 6 of its levels.
You also visited: Sewer.

You collected 382 gold pieces.

Inventory:

Hand Weapons
 a - a +2 hunting sling (weapon)
 p - a +0 short sword of protection
 q - a +0 rapier
Missiles
 d - 55 sling bullets
 i - 76 stones (quivered)
Armour
 o - a +0 pair of boots (worn)
 r - a +0 chain mail (worn)
 x - a +2 cloak (worn)
Jewellery
 m - a ring of protection from fire (left hand)
 v - an uncursed ring of resist corrosion
 y - a ring of positive energy (right hand)
Wands
 t - a wand of random effects (22)
 u - a wand of paralysis (7)
Scrolls
 c - 3 scrolls of remove curse
 g - a scroll of fear
 h - 6 scrolls of teleportation
 j - 3 scrolls of enchant weapon
 n - 4 scrolls of identify
Potions
 b - a potion of ambrosia
 e - 4 potions of flight
 l - 6 potions of curing
 s - 3 potions of berserk rage
 w - a potion of resistance
Comestibles
 f - 15 rations


   Skills:
 + Level 6.1 Fighting
 + Level 5.0 Short Blades
 + Level 10.7 Slings
 - Level 2.1 Dodging
 - Level 1.1 Stealth


You had 7 spell levels left.
You didn't know any spells.
Your spell library was empty.

Dungeon Overview and Level Annotations

Branches:
Dungeon (6/15)             Temple (0/1) D:6           Sewer (visited)

Altars:
Dithmenos
Elyvilon


Innate Abilities, Weirdness & Mutations

You are small and have problems with some larger weapons.
You are somewhat resistant to further mutation.


Message History

The jelly is almost dead.
The jelly hits you.
You are splashed with acid!
You hit the jelly but do no damage. The acid corrodes you!
Your hands burn!
The jelly is almost dead.
The jelly hits you.
You are splashed with acid!
* * * LOW HITPOINT WARNING * * *
You hit the jelly but do no damage.
Your hands burn!
* * * LOW HITPOINT WARNING * * *
The jelly is almost dead.
The jelly closely misses you.
Okay, then.
Your +0 short sword of protection goes still.
a - a +2 hunting sling (weapon)
Firing (i - inventory. (/) - cycle)
i - 77 stones (quivered)
Press: ? - help, Shift-Dir - straight line, f - jelly
Aim: a jelly (almost dead)
You shoot a stone. The stone barely misses the jelly.
The jelly hits you.
* * * LOW HITPOINT WARNING * * *
The acid corrodes you!
You are splashed with acid!
You die...

#..#####.###..>..#
#.....# ...#.....
#.###.# #.......
#.# #.# #....##
#.###.###.....#
#.............#
####...#####......
#.<.......# #####
#.@J.....(..
#.........#.
###.(......#
#......##.
##.##.## #.# .# .#
# .#


You could see a jelly.

Vanquished Creatures
  Eustachio (D:3)
  4 ogres
  Blork the orc (D:5)
  A big kobold (Sewer)
  A crimson imp (D:5)
  4 orc priests
  A hound (D:5)
  A bullfrog zombie (D:5)
  4 orc wizards
  An iguana (D:4)
  A worker ant (D:4)
  8 gnolls
  9 adders
  A river rat (Sewer)
  2 adder skeletons (D:4)
  3 worms
  A dart slug (D:4)
  9 leopard geckos
  31 orcs
  9 bats
  6 giant cockroaches
  6 goblins
  7 hobgoblins
  9 jackals
  A frilled lizard (D:3)
  10 kobolds
  10 rats
142 creatures vanquished.

Notes
Turn   | Place    | Note
-------+----------+-------------------------------------------
     0 | D:1      | Faca the Halfling Hunter began the quest for the Orb.
     0 | D:1      | Reached XP level 1. HP: 14/14 MP: 1/1
   223 | D:1      | Reached skill level 6 in Slings
   372 | D:1      | Reached XP level 2. HP: 14/19 MP: 2/2
   913 | D:2      | Reached XP level 3. HP: 25/25 MP: 3/3
  1001 | D:2      | Reached XP level 4. HP: 23/30 MP: 4/4
  1004 | D:2      | Reached skill level 7 in Slings
  1972 | D:2      | Reached XP level 5. HP: 36/36 MP: 5/5
  3034 | D:3      | Reached skill level 8 in Slings
  3036 | D:3      | Reached XP level 6. HP: 43/43 MP: 6/6
  3240 | D:3      | Found a glowing drain.
  3276 | Sewer    | Entered a sewer
  3688 | Sewer    | Found a white marble altar of Elyvilon.
  3995 | D:4      | Noticed Eustachio
  4235 | D:3      | Reached XP level 7. HP: 44/49 MP: 7/7
  4286 | D:3      | Reached skill level 9 in Slings
  4541 | D:3      | Killed Eustachio
  4541 | D:3      | Reached skill level 1 in Short Blades
  5099 | D:4      | Reached skill level 5 in Fighting
  5699 | D:4      | Reached XP level 8. HP: 5/55 MP: 8/8
  6122 | D:4      | Found a white marble altar of Elyvilon.
  6173 | D:5      | Entered Level 5 of the Dungeon
  6324 | D:5      | Found a shadowy altar of Dithmenos.
  6412 | D:5      | Reached skill level 10 in Slings
  7128 | D:5      | Noticed Blork the orc
  7168 | D:5      | Killed Blork the orc
  7427 | D:5      | Reached skill level 5 in Short Blades
  7690 | D:6      | Found a staircase to the Ecumenical Temple.
  7714 | D:6      | Splashed by a jelly's acid

Illustrated notes

Levels and vault maps discovered:
D:1:      ebering_trefoil_3fold, layout_rooms
D:2:      layout_basic
D:3:      layout_rooms, gup_sewer_entry_pipe
D:4:      layout_rooms, lemuel_doored_altar, uniq_eustachio
D:5:      layout_basic, first_ration, dk_noncrumbling_2,
          nicolae_zen_rock_garden, grunt_dithmenos_smoke_and_mirrors,
          uniq_blork_the_orc
D:6:      layout_loops_ring, minmay_temple_entry_tees, uniq_edmund

Skill      XL: |  1  2  3  4  5  6  7  8 |
---------------+-------------------------+-----
Fighting       | 2 3 4 5 6 |  6.1
Slings         | 6 7 8 9 10 | 10.7
Short Blades   | 3 5 |  5.0
Dodging        | |  2.1
Stealth        | |  1.1

Action                   |  1- 3 |  4- 6 |  7- 9 || total
-------------------------+-------+-------+-------++-------
Melee: Short sword       |    63 |   399 |   351 ||   813
 Fire: Hunting sling     |    32 |    58 |   108 ||   198
  Use: Scroll            |     5 |     7 |     2 ||    14
       Potion            |       |     1 |     3 ||     4
 Stab: Sleeping          |       |     2 |       ||     2
  Eat: Chunk             |       |     8 |    11 ||    19
       Ration            |       |     1 |       ||     1
Armor: Leather armour    |    19 |    29 |       ||    48
       Chain mail        |       |   268 |   265 ||   533
Dodge: Dodged            |    64 |   283 |   232 ||   579

Table legend:
 A = Non-vault XP
 B = Vault XP
 C = Vault XP percentage of total XP
 D = Non-vault monster count
 E = Vault monster count
 F = Vault count percentage of total count
                 A         B        C        D         E       F
            +---------+---------+-------+---------+---------+-------
      Total |    1439 |     416 |  22.4 |     123 |      19 |  13.4
            +---------+---------+-------+---------+---------+-------
        D:1 |      17 |       0 |   0.0 |      11 |       0 |   0.0
        D:2 |     165 |       0 |   0.0 |      39 |       0 |   0.0
        D:3 |     235 |     204 |  46.5 |      28 |       7 |  20.0
        D:4 |     328 |       0 |   0.0 |      23 |       0 |   0.0
        D:5 |     694 |      96 |  12.2 |      22 |       1 |   4.3
      Sewer |       0 |     116 | 100.0 |       0 |      11 | 100.0
            +---------+---------+-------+---------+---------+-------
